 Dungeon Crawl Stone Soup version 0.22-a0-433-gd2a9cce (webtiles) character file.

1459 KristoblXynda the Ruffian (level 8, -6/67 HPs)
             Began as a Troll Wizard on May 28, 2018.
             Mangled by Menkaure (18 damage)
             ... on level 6 of the Dungeon.
             The game lasted 00:07:13 (3802 turns).

KristoblXynda the Ruffian (Troll Wizard)            Turns: 3802, Time: 00:07:13

Health: -6/67      AC:  5    Str: 16    XL:     8   Next: 48%
Magic:  10/10      EV:  9    Int: 16    God:
Gold:   255        SH:  0    Dex:  8    Spells: 10/11 levels left

rFire    . . .     SeeInvis .     - Unarmed
rCold    + . .     Gourm    +   (no shield)
rNeg     . . .     Faith    .   a - +0 robe
rPois    .         Spirit   .   b - +0 hat
rElec    .         Reflect  .   (no cloak)
rCorr    .         Harm     .   (gloves unavailable)
MR       .....                  (boots unavailable)
Stlth    ++........             (no amulet)
HPRegen  0.61/turn              i - ring of protection from cold
MPRegen  0.12/turn              m - ring of stealth

@: no status effects
A: large, unfitting armour, claws 3, fast metabolism 3, gourmand, regeneration
1, shaggy fur 1, tough skin 2
a: no special abilities


You were on level 6 of the Dungeon.
You were very full.

You visited 1 branch of the dungeon, and saw 6 of its levels.

You collected 255 gold pieces.

Inventory:

Hand Weapons
 c - the cursed +1 spear of Noanikh {freeze, +Fly rN+ MR+}
   (You found it on level 5 of the Dungeon)

   It has been specially enchanted to freeze those struck by it, causing extra
   injury to most foes and up to half again as much damage against particularly
   susceptible opponents.
   It can also slow down cold-blooded creatures.
   It protects you from negative energy.
   It affects your resistance to hostile enchantments.
   It lets you fly.
   It has a curse placed upon it.
Armour
 a - a +0 robe (worn)
 b - a +0 hat (worn)
Jewellery
 i - a ring of protection from cold (left claw)
 m - a ring of stealth (right claw)
Wands
 o - a wand of enslavement (9)
Scrolls
 f - 2 scrolls of identify
 g - a scroll of fear
 h - 3 scrolls of remove curse {unknown}
 j - a scroll of magic mapping {unknown}
 l - 4 scrolls of amnesia
 p - a scroll of teleportation {unknown}
Potions
 e - 5 potions of flight
 k - a potion of resistance
 n - 3 potions of brilliance
 s - a potion of cancellation
 t - a potion of agility
Comestibles
 d - 12 rations
 r - 5 chunks of flesh


   Skills:
 - Level 1.5 Dodging
 - Level 1.0 Stealth
 * Level 7.3 Unarmed Combat
 - Level 2.0 Spellcasting
 * Level 5.6 Conjurations
   Level 0.6 Summonings
   Level 0.6 Translocations


You had 10 spell levels left.
You knew the following spells:

 Your Spells              Type           Power        Failure   Level  Hunger
a - Magic Dart            Conj           ###.         1%          1    #......

Your spell library contained the following spells:

 Spells                   Type           Power        Failure   Level  Hunger
 Conjure Flame            Conj/Fire      ##......     19%         3    ###....
 Slow                     Hex            #.......     30%         2    ###....
 Confuse                  Hex            #.......     52%         3    ###....
 Mephitic Cloud           Conj/Pois/Air  #.......     28%         3    ###....
 Blink                    Tloc           N/A          24%         2    ###....
 Call Imp                 Summ           #.......     24%         2    ###....
 Tukima's Dance           Hex            #.......     52%         3    ###....
 Ensorcelled Hibernation  Hex/Ice        #.....       30%         2    ###....
 Corona                   Hex            #......      21%         1    #......
 Dazzling Spray           Conj/Hex       ##....       19%         3    ###....


Dungeon Overview and Level Annotations

Branches:
Dungeon (6/15)
 Temple: D:4-7

Altars:

Shops:
D:5 *

Annotations:
D:6 Menkaure


Innate Abilities, Weirdness & Mutations

You are too large for most types of armour.
You have claws for hands.
Your metabolism is lightning-fast.
You like to eat raw meat.
Your natural rate of healing is unusually fast.
You are covered in fur. (AC +1)
You have very tough skin. (AC +2)


Message History

Menkaure hits you!!
The orc wizard looks encouraged for a moment.
You scratch Menkaure.
Menkaure is heavily damaged.
Menkaure casts a spell at you. Pain shoots through your body!
* * * LOW HITPOINT WARNING * * *
The orc wizard gestures at you while chanting.
The puff of frost hits you! You resist.
* * * LOW HITPOINT WARNING * * *
You feel better.
Menkaure calls on the powers of darkness!
Your body is wracked with pain!
* * * LOW HITPOINT WARNING * * *
The orc wizard hits you but does no damage.
Menkaure hits you!
* * * LOW HITPOINT WARNING * * *
Menkaure closely misses you.
You feel better. The orc wizard closely misses you. Menkaure hits you!!
You die...

..... ... #{# #<#
#.# ##### #o#
...######## #..
...####.#......#
#.o
.⌠.....Mo........
#..o
..####@#.####.##
#.## #.........#
#.# #.#######.#
.# . . ##


You could see Menkaure and an orc wizard.

Vanquished Creatures
  The ghost of Supreme the Grave Robber, an amateur DDNe (D:4)
  2 sky beasts (D:5)
  An ice beast (D:5)
  3 phantoms
  2 black bears
  An ogre (D:4)
  2 crimson imps (D:5)
  2 hounds (D:5)
  3 orc wizards
  An orc priest (D:3)
  2 worker ants (D:4)
  7 adders
  A worm (D:3)
  A dart slug (D:3)
  2 leopard geckos
  20 orcs
  4 giant cockroaches
  4 goblins
  9 hobgoblins
  14 jackals
  4 kobolds
  3 quokkas
  4 ball pythons
  3 bats
  4 frilled lizards
  3 rats
103 creatures vanquished.

Notes
Turn   | Place    | Note
-------+----------+-------------------------------------------
     0 | D:1      | KristoblXynda the Troll Wizard began the quest for the Orb.
     0 | D:1      | Reached XP level 1. HP: 16/16 MP: 2/2
   105 | D:1      | Reached skill level 1 in Conjurations
   146 | D:1      | Reached skill level 1 in Unarmed Combat
   201 | D:1      | Reached XP level 2. HP: 20/24 MP: 4/4
   649 | D:2      | Reached XP level 3. HP: 24/31 MP: 5/5
   671 | D:2      | Reached skill level 2 in Unarmed Combat
   769 | D:2      | Noticed a phantom
   853 | D:2      | Killed a phantom
   853 | D:2      | Reached skill level 3 in Unarmed Combat
   853 | D:2      | Reached XP level 4. HP: 17/39 MP: 6/6
   853 | D:2      | Reached XP level 5. HP: 20/45 MP: 7/7
  1859 | D:4      | Noticed a phantom
  1879 | D:4      | Killed a phantom
  1879 | D:4      | Reached skill level 4 in Unarmed Combat
  1879 | D:4      | Reached XP level 6. HP: 35/53 MP: 8/8
  2148 | D:4      | Reached skill level 5 in Unarmed Combat
  2148 | D:4      | Reached XP level 7. HP: 44/59 MP: 9/9
  2204 | D:4      | Noticed Supreme's ghost (amateur DDNe)
  2226 | D:4      | Killed Supreme's ghost
  2654 | D:5      | Entered Level 5 of the Dungeon
  2665 | D:5      | Reached skill level 6 in Unarmed Combat
  2671 | D:5      | Got a brightly glowing spear
  2672 | D:5      | Identified the cursed +1 spear of Noanikh {freeze, +Fly rN+ MR+} (You found it on level 5 of the Dungeon)
  2812 | D:5      | Found Imiacubb's General Store.
  2927 | D:5      | Reached skill level 5 in Conjurations
  2927 | D:5      | Reached XP level 8. HP: 59/67 MP: 10/10
  3377 | D:5      | Reached skill level 7 in Unarmed Combat
  3585 | D:6      | Noticed Menkaure
  3801 | D:6      | HP: 1/67 [Menkaure (11)]
  3802 | D:6      | Mangled by Menkaure

Vault maps used:
D:1:      lightli_arrival_farm
D:2:      first_ration
D:5:      serial_shops, shop
D:6:      minmay_temple_entry_junction, serial_shops,
          nicolae_shop_temple_entry_statues_fountains, shop, shop, shop,
          uniq_menkaure, uniq_eustachio, uniq_blork_the_orc

Skill      XL: |  1  2  3  4  5  6  7  8 |
---------------+-------------------------+-----
Conjurations   | 1 2 3 4 5 |  5.6
Unarmed Combat | 1 3 4 5 6 7 |  7.3
Dodging        | |  1.5
Stealth        | |  1.0
Spellcasting   | |  2.0
Summonings     | |  0.6
Translocations | |  0.6

Action                   |  1- 3 |  4- 6 |  7- 9 || total
-------------------------+-------+-------+-------++-------
Melee: Unarmed           |   121 |   148 |   144 ||   413
       Punch             |       |       |     5 ||     5
  Use: Potion            |     2 |       |     4 ||     6
       Scroll            |     3 |     2 |     4 ||     9
 Stab: Sleeping          |       |     4 |     1 ||     5
  Eat: Chunk             |     9 |    15 |    16 ||    40
Armor: Robe              |    55 |    46 |    50 ||   151
Dodge: Dodged            |    55 |    59 |    80 ||   194

Table legend:
 A = Spawn XP
 B = Non-spawn XP
 C = Spawn XP percentage of total XP
 D = Spawn monster count
 E = Non-spawn monster count
 F = Spawn count percentage of total count
 G = Total turns spent on level
                    A         B        C        D         E        F      G
               +---------+---------+-------+---------+---------+-------+---------
         Total |       0 |    2085 |   0.0 |       0 |     103 |   0.0 |  3802
               +---------+---------+-------+---------+---------+-------+---------
           D:1 |       0 |      18 |   0.0 |       0 |      10 |   0.0 |   526
           D:2 |       0 |     216 |   0.0 |       0 |      20 |   0.0 |   643
           D:3 |       0 |     106 |   0.0 |       0 |      28 |   0.0 |   674
           D:4 |       0 |     825 |   0.0 |       0 |      18 |   0.0 |   811
           D:5 |       0 |     788 |   0.0 |       0 |      23 |   0.0 |  1101
           D:6 |       0 |     132 |   0.0 |       0 |       4 |   0.0 |    47
               +---------+---------+-------+---------+---------+-------+---------
